 Dungeon Crawl Stone Soup version 0.30.1-11-g7821555f0a (webtiles) character file.

Game seed: 197016390307833845

1489 Okkudo the Cleaver (level 8, -2/57 (66) HPs)
             Began as a Hill Orc Monk on Dec 8, 2023.
             Was a Believer of Beogh.
             Slain by a wight
             ... wielding a +3 battleaxe
              (3 damage)
             ... on level 6 of the Dungeon.
             The game lasted 00:16:16 (4302 turns).

Okkudo the Cleaver (Hill Orc Monk)                  Turns: 4302, Time: 00:16:17

HP:   -2/57 (66)    AC: 15    Str: 22    XL:     8   Next: 80%
MP:   8/8           EV:  7    Int: 10    God:    Beogh [**....]
Gold: 302           SH:  0    Dex: 13    Spells: 7/7 levels left

rFire   . . .        a - +0 hand axe
rCold   . . .        d - orb {light}
rNeg    . . .        u - +0 plate armour
rPois   .            y - +0 helmet
rElec   .            A - +0 cloak
rCorr   .            (no gloves)
SInv    .            (no boots)
Will    .....        h - amulet of regeneration Stlth
                     r - +6 ring of strength
HPRegen 1.09/turn    (no ring)
MPRegen 0.11/turn

%: no passive effects
@: glowing, heavily drained
A: no striking features
a: Renounce Religion, Smiting


You were on level 6 of the Dungeon.
You worshipped Beogh.
Beogh was pleased with you.
You visited 1 branch of the dungeon, and saw 6 of its levels.

You collected 302 gold pieces.

Inventory:

Hand Weapons
 a - a +0 hand axe (weapon)
 E - a +2 heavy hand axe
Missiles
 e - 7 poisoned darts (quivered)
Armour
 d - an orb of light (worn)
 u - a +0 plate armour (worn)
 y - a +0 helmet (worn)
 A - a +0 cloak (worn)
Jewellery
 h - an amulet of regeneration (around neck)
 r - a +6 ring of strength (left hand)
Wands
 x - a wand of roots (15)
Scrolls
 c - 2 scrolls of identify
 g - a scroll of acquirement {unknown}
 i - a scroll of immolation {unknown}
 j - a scroll of torment {unknown}
 k - 2 scrolls of poison {unknown}
 n - 3 scrolls of teleportation
 o - 3 scrolls of blinking {unknown}
 p - a scroll of summoning {unknown}
 s - a scroll of noise {unknown}
 t - a scroll of magic mapping {unknown}
 v - a scroll of brand weapon {unknown}
 z - a scroll of fear {unknown}
 D - a scroll of vulnerability {unknown}
Potions
 b - 3 potions of might {unknown}
 f - 2 potions of invisibility {unknown}
 l - 2 potions of brilliance {unknown}
 m - a potion of heal wounds {unknown}
 q - a potion of lignification {unknown}
 w - 3 potions of attraction {unknown}
 B - a potion of resistance {unknown}
 C - a potion of curing {unknown}


   Skills:
 - Level 4.0 Fighting
 * Level 12.3 Axes
 + Level 5.5 Armour
 - Level 2.6 Dodging


You had 7 spell levels left.
You didn't know any spells.
Your spell library contained the following spells:

 Spells                   Type           Power      Damage    Failure   Level
 Blink                    Tloc           0%         N/A       100%        2
 Lesser Beckoning         Tloc           0%         N/A       100%        2
 Momentum Strike          Conj/Tloc      0%         3d8       100%        2
 Vhi's Electric Charge    Tloc/Air       0%         N/A       100%        3
 Arcjolt                  Conj/Air       0%         1d10      100%        5
 Plasma Beam              Fire/Air       0%         2x1d11    100%        6


Dungeon Overview and Level Annotations

Branches:
Dungeon (6/15)
 Temple: D:4-7

Altars:
Cheibriados
Ru
Trog
Xom
Yredelemnul

Shops:
D:2 :   D:4 !

Annotations:
D:4 1 runed translucent door, Crazy Yiuf
D:6 Menkaure


Message History

The wight is moderately damaged.
You hit the wight but do no damage. The wight barely misses you.
The wight hits you with a +3 battleaxe.
You hit the wight.
The wight is heavily damaged.
You hit the wight but do no damage. You hit the wight.
The wight is heavily damaged.
You hit the wight but do no damage.
The wight hits you but does no damage. x2
You hit the wight but do no damage.
The wight is heavily damaged.
You hit the wight. The wight hits you with a +0 falchion.
You feel drained. The wight hits you but does no damage.
You hit the wight.
The wight is severely damaged.
You hit the wight but do no damage.
The wight is severely damaged.
The wight hits you with a +3 battleaxe.
You feel drained. The wight attacks as you move away!
The wight hits you with a +0 falchion.
You feel drained.
Menkaure, Prince of Dust comes into view.
Menkaure shouts!
The wight attacks as you move away! The wight barely misses you.
The wight attacks as you move away! The wight hits you with a +3 battleaxe!
The wight attacks as you move away! The wight closely misses you.
The wight attacks as you move away! The wight closely misses you.
Menkaure calls on the powers of darkness!
Your body is wracked with pain!
The wight attacks as you move away! The wight hits you with a +3 battleaxe!
* * * LOW HITPOINT WARNING * * *
Menkaure calls on the powers of darkness!
Your body is wracked with pain!
* * * LOW HITPOINT WARNING * * *
As you read the scroll labelled TIASHRU QIEB, it crumbles to dust.
It is a scroll of identify.
n - 3 scrolls of teleportation The wight hits you with a +3 battleaxe!
* * * LOW HITPOINT WARNING * * *
You feel drained.
You die...

..........# ###......##.##.......
....#########...........##.......
....# #...............##.....##
....# #........M......##.....#
....#####......................#
...................#....##.....#
...................#....##.....##
...............zz###.#...#.......
####.....#..zz..@....#...#.......
###...#.....z...###.#.........
#...#...###.......#.........
#...#...###.....###.#.......
#..z#...##..........#.......
####...#...##........###.......
#.....[....##..................
................................
.......))....zz........#.....##.


You could see Menkaure and 5 wights.

Vanquished Creatures
  Edmund (D:6)
  An ice beast (D:5)
  An ogre (D:5)
  A centaur (D:6)
  A phantom (D:4)
  2 scorpions (D:5)
  A water moccasin zombie (D:5)
  2 wights (D:5)
  3 bullfrog zombies (D:5)
  A human zombie (D:5)
  2 gnoll boudas
  A jelly (D:5)
  A sleepcap (D:5)
  Natasha (thrice) (D:4)
  An iguana (D:4)
  An orc wizard (D:5)
  A scorpion zombie (D:5)
  2 mummies (D:5)
  2 hound zombies (D:5)
  Robin (D:4)
  6 gnolls
  6 adders
  A shadow imp (D:6)
  2 white imps
  An ufetubus (D:4)
  A worm (D:3)
  3 dart slugs
  9 orcs
  5 bats
  4 endoplasms
  6 giant cockroaches
  8 goblins
  11 hobgoblins
  4 quokkas
  12 ball pythons
  A frilled lizard (D:1)
  5 kobolds
  3 rats
117 creatures vanquished.

Vanquished Creatures (others)
  A sky beast (D:6)
  An orc priest (D:6)
  2 orc wizards (D:6)
  An orc (D:6)
5 creatures vanquished.

Grand Total: 122 creatures vanquished

Notes
Turn   | Place    | Note
-------+----------+-------------------------------------------
     0 | D:1      | Okkudo the Hill Orc Monk began the quest for the Orb.
     0 | D:1      | Reached XP level 1. HP: 19/19 MP: 1/1
    75 | D:1      | Reached XP level 2. HP: 26/27 MP: 2/2
   176 | D:1      | Found a faded altar of an unknown god.
   505 | D:1      | Reached XP level 3. HP: 26/33 MP: 3/3
   723 | D:2      | Reached skill level 5 in Axes
   819 | D:2      | Found Agyip's Book Shop.
  1438 | D:3      | Reached XP level 4. HP: 40/40 MP: 4/4
  1540 | D:3      | Reached skill level 6 in Axes
  1706 | D:3      | Found a snail-covered altar of Cheibriados.
  1837 | D:3      | Found a shimmering altar of Xom.
  1930 | D:4      | Found a bloodstained altar of Trog.
  1974 | D:4      | Noticed Robin
  1995 | D:4      | Killed Robin
  1996 | D:4      | Reached XP level 5. HP: 39/46 MP: 5/5
  1997 | D:4      | Reached skill level 7 in Axes
  2007 | D:4      | Noticed a phantom
  2023 | D:4      | Killed a phantom
  2094 | D:4      | Reached skill level 8 in Axes
  2144 | D:4      | Reached XP level 6. HP: 46/52 MP: 6/6
  2158 | D:4      | Reached skill level 1 in Armour
  2250 | D:4      | Noticed Natasha
  2258 | D:4      | Killed Natasha
  2283 | D:4      | Found Duakh's Distillery.
  2666 | D:4      | Found a runed translucent door.
  2667 | D:4      | Noticed Crazy Yiuf
  2688 | D:4      | Noticed Natasha
  2693 | D:4      | Killed Natasha
  2698 | D:4      | Noticed Natasha
  2715 | D:4      | Killed Natasha
  2813 | D:5      | Entered Level 5 of the Dungeon
  2875 | D:5      | Reached skill level 9 in Axes
  2916 | D:5      | Reached XP level 7. HP: 46/59 MP: 7/7
  3168 | D:5      | Found a sacrificial altar of Ru.
  3226 | D:5      | Reached skill level 10 in Axes
  3325 | D:5      | Found a basalt altar of Yredelemnul.
  3376 | D:5      | Reached XP level 8. HP: 65/66 MP: 8/8
  3430 | D:5      | Reached skill level 11 in Axes
  3959 | D:6      | Reached skill level 5 in Armour
  3965 | D:6      | Reached skill level 12 in Axes
  3996 | D:6      | Became a worshipper of Beogh the Brigand
  3996 | D:6      | Reached * piety under Beogh
  3996 | D:6      | Reached ** piety under Beogh
  4213 | D:6      | Noticed Edmund
  4233 | D:6      | Killed Edmund
  4297 | D:6      | Noticed Menkaure
  4302 | D:6      | HP: 1/59 [wight/+3 battleaxe (8)]
  4302 | D:6      | Slain by a wight

Illustrated notes

Levels and vault maps discovered:
D:1:      roderic_crossed_star, layout_loops_ring,
          hellmonk_ecumenical_altar_heavens_door, st_stairs_1
D:2:      layout_loops_ring, serial_shops, shop
D:3:      layout_rooms, lemuel_doored_altar, overflow_temple_1_default,
          minmay_shallow_snake_nest
D:4:      layout_basic, mainiacjoe_overflow_alcove_2, serial_shops, shop,
          uniq_natasha, uniq_crazy_yiuf_cottage, uniq_robin
D:5:      layout_basic, nicolae_ru_awakened_eye,
          lemuel_mausoleum_altar_yredelemnul
D:6:      layout_basic, hangedman_abyss_or_decor_stabs,
          chequers_serial_rivers_room_b, uniq_edmund, uniq_menkaure

Skill      XL: |  1  2  3  4  5  6  7  8 |
---------------+-------------------------+-----
Fighting       | 4 |  4.0
Axes           | 5 6 8 9 10 12 | 12.3
Armour         | 2 4 5 |  5.5
Dodging        | |  2.6

Action                     |  1- 3 |  4- 6 |  7- 9 || total
---------------------------+-------+-------+-------++-------
  Melee: Hand axe          |   101 |   198 |   234 ||   533
  Throw: Dart              |       |     1 |     3 ||     4
 Invoke: Convert to Beogh  |       |       |     1 ||     1
    Use: Potion            |       |     1 |       ||     1
         Scroll            |       |       |     1 ||     1
 Armour: Robe              |    10 |       |       ||    10
         Leather armour    |     4 |       |       ||     4
         Scale mail        |     9 |       |       ||     9
         Ring mail         |     3 |       |       ||     3
         Plate armour      |       |   122 |    95 ||   217
  Dodge: Dodged            |    70 |    50 |    68 ||   188
